 Dungeon Crawl Stone Soup version 0.28.0-45-g0d030f2227 (webtiles) character file.

Game seed: 18078440372396107745

15 GigaChad the Vexing (level 2, -2/21 HPs)
             Began as a Formicid Arcane Marksman on Apr 13, 2022.
             Frozen to death by an endoplasm (5 damage)
             ... on level 1 of the Dungeon.
             The game lasted 00:02:49 (687 turns).

GigaChad the Vexing (Formicid Arcane Marksman)       Turns: 687, Time: 00:02:50

Health: -2/21      AC:  2    Str: 14    XL:     2   Next: 65%
Magic:  3/3        EV: 12    Int: 12    God:
Gold:   7          SH:  0    Dex: 11    Spells: 2/3 levels left

rFire   . . .      SeeInvis +   b - +0 dagger
rCold   . . .      Faith    .   (no shield)
rNeg    . . .      Spirit   .   d - +0 robe
rPois   .          Reflect  .   (helmet unavailable)
rElec   .          Harm     .   (no cloak)
rCorr   .          Rampage  .   (no gloves)
Will    .....                   (no boots)
Stlth   +.........              (no amulet)
HPRegen 0.07/turn               (no ring)
MPRegen 0.08/turn               (no ring)

@: no status effects
A: permanent stasis, dig shafts and tunnels, antennae 3, four strong arms
a: Dig, Shaft Self


You were on level 1 of the Dungeon.
You visited 1 branch of the dungeon, and saw 1 of its levels.

You collected 7 gold pieces.

Inventory:

Hand Weapons
 a - a +0 shortbow of venom
 b - a +0 dagger (weapon)
Missiles
 c - 37 arrows
Armour
 d - a +0 robe (worn)
Magical Staves
 e - a staff of fire


   Skills:
 + Level 1.2 Fighting
 + Level 2.0 Bows
 + Level 1.9 Dodging
 + Level 1.1 Spellcasting
 + Level 4.1 Hexes


You had 2 spell levels left.
You knew the following spells:

 Your Spells              Type           Power      Damage    Failure   Level
a - Slow                  Hex            40%        N/A       5%          1

Your spell library contained the following spells:

 Spells                   Type           Power      Damage    Failure   Level
 Inner Flame              Hex/Fire       5%         N/A       36%         3
 Portal Projectile        Hex/Tloc       10%        N/A       36%         3
 Cause Fear               Hex            5%         N/A       50%         4
 Petrify                  Tmut/Erth      0%         N/A       96%         4
 Metabolic Englaciation   Hex/Ice        2%         N/A       98%         5
 Statue Form              Tmut/Erth      0%         N/A       100%        6


Dungeon Overview and Level Annotations

Branches:
Dungeon (1/15)

Altars:


Innate Abilities, Weirdness & Mutations

You cannot be hasted, slowed, berserked, paralysed or teleported.
You can dig through walls and to a lower floor.
You have a pair of large antennae on your head. (SInv)
Your four strong arms can wield two-handed weapons with a shield.


Message History

The endoplasm quivers.
A kobold comes into view. It is wielding a +0 dagger.
Found 6 gold pieces.
The kobold shouts!
The endoplasm freezes you.
You are frozen.
* * * LOW HITPOINT WARNING * * *
An endoplasm comes into view.
You barely miss the endoplasm. The endoplasm hits you.
* * * LOW HITPOINT WARNING * * *
The endoplasm quivers.
You hit the endoplasm.
The endoplasm is moderately wounded.
The endoplasm closely misses you.
You hit the endoplasm.
The endoplasm is severely wounded.
The endoplasm closely misses you.
You hit the endoplasm.
You kill the endoplasm!
The kobold completely misses you.
Your Bows skill increases to level 2!
The kobold hits you but does no damage.
You barely miss the kobold. The kobold barely misses you.
You barely miss the kobold. The kobold completely misses you.
The endoplasm barely misses you.
You hit the kobold.
The kobold is heavily wounded.
The kobold hits you but does no damage. The endoplasm misses you.
You barely miss the kobold.
The kobold is heavily wounded.
The kobold barely misses you. The endoplasm closely misses you.
You hit the kobold.
You kill the kobold!
The endoplasm barely misses you.
You see here a +0 dagger.
You hit the endoplasm. Your punch misses the endoplasm.
The endoplasm is lightly wounded.
The endoplasm freezes you.
You are frozen.
You die...

# # #. #+# # ##.. #.#
#.### ....### #.# #....
....... ##.##########
#.#...## ##...#...## #
#$.....###.....###.####
#..:..J............†...
#.....@#####.#.###.####
#.....## ####...##
#####. ### #. .. ##


You could see an endoplasm.

Vanquished Creatures
  A ball python (D:1)
  3 endoplasms (D:1)
  A giant cockroach (D:1)
  3 hobgoblins (D:1)
  A kobold (D:1)
  2 quokkas (D:1)
11 creatures vanquished.

Notes
Turn   | Place    | Note
-------+----------+-------------------------------------------
     0 | D:1      | GigaChad the Formicid Arcane Marksman began the quest for
                  | the Orb.
     0 | D:1      | Reached XP level 1. HP: 15/15 MP: 2/2
   278 | D:1      | Reached XP level 2. HP: 21/21 MP: 3/3
   396 | D:1      | Reached skill level 4 in Hexes
   687 | D:1      | Frozen to death by an endoplasm

Illustrated notes

Levels and vault maps discovered:
D:1:      wander_arrival_chamber, layout_loops_corners, kennysheep_pointless_box

Skill      XL: |  1  2 |
---------------+-------+-----
Hexes          | 4 |  4.1
Bows           | 2 |  2.0
Fighting       | |  1.2
Dodging        | |  1.9
Spellcasting   | |  1.1

Action                   || total
-------------------------++-------
Melee: Dagger            ||    11
 Fire: Shortbow          ||    29
  Use: Scroll            ||     3
Armor: Robe              ||     7
Dodge: Dodged            ||    29
